[ AOE2 MATCH · #506748357 ]
UnrankedAztecs vs Armenians
Player's team · WIN
Rival team · LOSS
[ REPLAY ANALYSIS · EXTRACTED FROM THE RECORDED GAME ]
Feudal
8:52
Castle
20:23
Imperial
36:41
| APM avg | 53.4 |
| APM peak | 78 |
| eAPM avg | 30.5 |
| Villagers / military | 159 / 95 |
Focus
⚔️ 35.8% · 🌾 64.2%
Skirmisher ×47 · Monk ×19 · Jaguar Warrior ×13 · Mangonel ×6 · Militia ×5 · Trebuchet (Packed) ×5
Feudal
10:49
Castle
21:37
Imperial
33:21
| APM avg | 76.2 |
| APM peak | 107 |
| eAPM avg | 29.7 |
| Villagers / military | 165 / 132 |
Focus
⚔️ 46.8% · 🌾 53.2%
Archer ×71 · Skirmisher ×41 · Militia ×6 · Composite Bowman ×5 · Trebuchet (Packed) ×5 · Mangonel ×4
Match map
Initial resources + every placement click. Lines = walls · curves = elevation contours. ◆ gold · ⬟ stone · ● berries · ✦ relic · ◌ wall gap
Your base· Open — 4t gap
Macluffy's base· Open — 4t gap
Smoothed initial terrain · ◌ = detected wall gap · hover for details
Inputs per minute
— TAG_MbL_ - - Macluffy
Build order — TAG_MbL_
First 150 of 493 actions detected
| 0:00 | Create | Villager (Male) ×4 |
| 0:01 | Build | House |
| 0:02 | Build | House |
| 1:23 | Create | Villager (Male) |
| 1:42 | Create | Villager (Male) |
| 1:52 | Build | Lumber Camp |
| 2:17 | Create | Villager (Male) |
| 2:33 | Create | Villager (Male) |
| 2:55 | Create | Villager (Male) |
| 3:10 | Create | Villager (Male) |
| 3:40 | Create | Villager (Male) |
| 3:49 | Build | House |
| 4:27 | Create | Villager (Male) |
| 4:56 | Create | Villager (Male) |
| 5:07 | Build | Barracks |
| 5:21 | Create | Villager (Male) |
| 5:43 | Build | House |
| 5:49 | Create | Villager (Male) |
| 6:10 | Research | Loom |
| 6:42 | Research | Feudal Age |
| 7:07 | Create | Militia |
| 7:13 | Build | Mill |
| 7:16 | Build | House |
| 7:33 | Create | Militia |
| 7:56 | Create | Militia |
| 8:17 | Create | Militia |
| 8:33 | Build | Mining Camp |
| 8:38 | Create | Militia |
| 8:48 | Create | Villager (Male) |
| 8:52 | Age | Feudal Age |
| 9:14 | Create | Villager (Male) |
| 9:25 | Build | Archery Range |
| 9:30 | Build | Farm |
| 9:33 | Create | Villager (Male) |
| 9:34 | Build | Farm |
| 9:36 | Build | Farm |
| 9:45 | Build | Farm |
| 9:48 | Create | Villager (Male) |
| 9:57 | Build | Farm |
| 10:01 | Build | Farm |
| 10:02 | Build | Farm |
| 10:13 | Build | House |
| 10:17 | Create | Villager (Male) |
| 10:34 | Create | Villager (Male) |
| 10:37 | Build | House |
| 10:46 | Build | Palisade Wall |
| 10:48 | Build | Palisade Wall |
| 10:48 | Build | Palisade Wall |
| 10:49 | Create | Villager (Male) |
| 10:54 | Research | Man-at-Arms (upgrade) |
| 11:07 | Build | House |
| 11:14 | Build | Palisade Wall |
| 11:16 | Create | Villager (Male) |
| 11:18 | Build | Palisade Wall |
| 11:19 | Build | Palisade Wall |
| 11:40 | Create | Villager (Male) |
| 12:01 | Create | Villager (Male) |
| 12:08 | Research | Double-Bit Axe |
| 12:12 | Build | House |
| 12:27 | Create | Villager (Male) |
| 12:34 | Build | House |
| 12:50 | Build | House |
| 12:52 | Create | Villager (Male) |
| 12:56 | Create | Villager (Male) |
| 13:30 | Create | Villager (Male) |
| 13:33 | Build | Farm |
| 13:56 | Build | Watch Tower |
| 13:59 | Create | Villager (Male) |
| 14:10 | Build | Market |
| 14:14 | Build | Blacksmith |
| 14:18 | Create | Villager (Male) |
| 14:50 | Build | House |
| 14:51 | Build | House |
| 14:56 | Create | Villager (Male) |
| 15:29 | Build | Watch Tower |
| 15:36 | Create | Villager (Male) |
| 15:37 | Build | Lumber Camp |
| 15:50 | Create | Villager (Male) |
| 16:05 | Build | Farm |
| 16:07 | Create | Villager (Male) |
| 16:29 | Build | Watch Tower |
| 16:34 | Create | Villager (Male) |
| 17:03 | Build | House |
| 17:18 | Create | Villager (Male) |
| 17:23 | Build | House |
| 17:25 | Build | House |
| 17:42 | Research | Castle Age |
| 17:44 | Build | Farm |
| 17:48 | Build | Farm |
| 17:50 | Build | Farm |
| 17:50 | Build | Farm |
| 17:53 | Build | Farm |
| 18:03 | Build | Farm |
| 18:14 | Build | Farm |
| 18:15 | Build | Farm |
| 18:32 | Research | Horse Collar |
| 18:52 | Create | Villager (Male) |
| 18:58 | Research | Gold Mining |
| 19:23 | Research | Scale Mail Armor |
| 19:32 | Build | Stone Wall |
| 19:38 | Build | Stone Wall |
| 19:41 | Build | Stone Wall |
| 20:05 | Create | Villager (Male) |
| 20:23 | Age | Castle Age |
| 20:26 | Build | Town Center |
| 20:29 | Build | Town Center |
| 20:39 | Research | Gambesons |
| 20:40 | Create | Villager (Male) |
| 20:50 | Create | Villager (Male) |
| 21:02 | Build | Monastery |
| 21:08 | Create | Villager (Male) |
| 21:29 | Create | Villager (Male) |
| 21:29 | Create | Villager (Male) |
| 21:37 | Build | Farm |
| 21:38 | Build | Farm |
| 21:44 | Create | Villager (Male) |
| 21:52 | Create | Monk |
| 21:53 | Create | Monk |
| 22:16 | Build | Siege Workshop |
| 22:20 | Create | Villager (Male) |
| 22:25 | Build | House |
| 22:26 | Build | Palisade Wall |
| 22:30 | Research | Fletching |
| 22:40 | Create | Mangonel |
| 22:44 | Create | Villager (Male) |
| 22:55 | Build | Monastery |
| 23:01 | Create | Villager (Male) |
| 23:01 | Create | Villager (Male) |
| 23:02 | Create | Villager (Male) |
| 23:04 | Build | Outpost |
| 23:20 | Create | Villager (Male) |
| 23:28 | Build | Market |
| 23:43 | Create | Villager (Male) |
| 23:52 | Research | Sanctity |
| 23:52 | Research | Sanctity |
| 23:54 | Research | Fervor |
| 23:55 | Create | Villager (Male) |
| 23:58 | Build | Farm |
| 24:01 | Build | Farm |
| 24:03 | Build | Farm |
| 24:05 | Build | Farm |
| 24:07 | Build | Farm |
| 24:08 | Build | Farm |
| 24:09 | Build | Farm |
| 24:19 | Build | House |
| 24:20 | Build | House |
| 24:20 | Create | Villager (Male) |
| 24:23 | Create | Monk |
| 24:24 | Create | Monk |
| 24:32 | Create | Villager (Male) |
Build order — Macluffy
First 150 of 489 actions detected
| 0:00 | Create | Villager (Male) |
| 0:02 | Build | House |
| 0:03 | Build | House |
| 0:05 | Create | Villager (Male) |
| 0:06 | Create | Villager (Male) |
| 0:08 | Create | Villager (Male) |
| 1:25 | Create | Villager (Male) |
| 1:56 | Build | Mule Cart |
| 1:57 | Create | Villager (Male) |
| 2:11 | Create | Villager (Male) |
| 2:46 | Create | Villager (Male) |
| 3:01 | Create | Villager (Male) |
| 3:25 | Build | House |
| 3:37 | Build | Palisade Wall |
| 3:44 | Create | Villager (Male) |
| 3:59 | Create | Villager (Male) |
| 4:12 | Build | Barracks |
| 4:26 | Create | Villager (Male) |
| 4:34 | Build | House |
| 4:43 | Create | Villager (Male) |
| 5:04 | Create | Militia |
| 5:18 | Create | Villager (Male) |
| 5:25 | Create | Militia |
| 5:33 | Build | Palisade Wall |
| 5:42 | Create | Villager (Male) |
| 5:57 | Create | Militia |
| 6:00 | Build | Mill |
| 6:15 | Create | Villager (Male) |
| 6:31 | Build | House |
| 6:33 | Create | Villager (Male) |
| 6:41 | Create | Villager (Male) |
| 6:59 | Create | Villager (Male) |
| 7:01 | Build | Palisade Wall |
| 7:07 | Create | Villager (Male) |
| 7:38 | Build | Palisade Wall |
| 7:45 | Research | Loom |
| 8:05 | Build | Palisade Gate |
| 8:19 | Build | Palisade Wall |
| 8:30 | Build | House |
| 8:39 | Research | Feudal Age |
| 8:46 | Build | Mule Cart |
| 9:04 | Build | Palisade Wall |
| 9:07 | Build | Palisade Wall |
| 9:17 | Build | Palisade Wall |
| 9:18 | Build | Palisade Wall |
| 9:33 | Create | Villager (Male) |
| 9:43 | Create | Militia |
| 10:05 | Create | Villager (Male) |
| 10:41 | Create | Villager (Male) |
| 10:49 | Age | Feudal Age |
| 10:55 | Build | Archery Range |
| 10:59 | Research | Man-at-Arms (upgrade) |
| 11:01 | Build | Farm |
| 11:01 | Build | Farm |
| 11:05 | Research | Double-Bit Axe |
| 11:18 | Build | Farm |
| 11:40 | Create | Villager (Male) |
| 11:42 | Create | Archer |
| 11:54 | Build | Farm |
| 11:56 | Build | Farm |
| 12:05 | Create | Archer |
| 12:05 | Create | Villager (Male) |
| 12:18 | Build | Farm |
| 12:20 | Create | Villager (Male) |
| 12:27 | Build | Farm |
| 12:35 | Create | Archer |
| 12:59 | Create | Villager (Male) |
| 13:01 | Build | House |
| 13:15 | Research | Arson |
| 13:23 | Create | Archer |
| 13:23 | Create | Villager (Male) |
| 13:25 | Build | House |
| 13:27 | Build | Farm |
| 13:38 | Create | Skirmisher |
| 13:39 | Create | Villager (Male) |
| 13:56 | Create | Archer |
| 14:04 | Create | Villager (Male) |
| 14:05 | Build | Farm |
| 14:07 | Build | Farm |
| 14:23 | Create | Villager (Male) |
| 14:25 | Build | Farm |
| 14:28 | Build | Farm |
| 14:36 | Build | Blacksmith |
| 14:45 | Build | House |
| 14:52 | Create | Villager (Male) |
| 14:56 | Create | Villager (Male) |
| 15:03 | Create | Villager (Male) |
| 15:09 | Create | Villager (Male) |
| 15:20 | Create | Villager (Male) |
| 15:35 | Research | Fletching |
| 15:36 | Research | Fletching |
| 15:39 | Build | Farm |
| 15:39 | Build | Farm |
| 15:40 | Create | Villager (Male) |
| 15:47 | Create | Archer |
| 15:48 | Create | Villager (Male) |
| 16:04 | Research | Long Swordsman (upgrade) |
| 16:09 | Create | Villager (Male) |
| 16:11 | Build | Farm |
| 16:13 | Build | Farm |
| 16:17 | Create | Villager (Male) |
| 16:25 | Create | Villager (Male) |
| 16:27 | Build | Mule Cart |
| 16:30 | Build | House |
| 16:34 | Build | House |
| 16:49 | Create | Archer |
| 16:49 | Create | Villager (Male) |
| 16:56 | Create | Villager (Male) |
| 17:21 | Create | Archer |
| 17:21 | Create | Villager (Male) |
| 17:33 | Create | Archer |
| 17:38 | Build | Market |
| 18:19 | Build | Farm |
| 18:31 | Create | Villager (Male) |
| 18:57 | Research | Castle Age |
| 19:31 | Research | Horse Collar |
| 19:31 | Create | Archer |
| 19:52 | Create | Archer |
| 19:52 | Create | Villager (Male) |
| 19:56 | Create | Villager (Male) |
| 20:04 | Build | Archery Range |
| 20:17 | Create | Archer |
| 20:18 | Create | Militia |
| 20:30 | Research | Gold Mining |
| 20:31 | Build | Farm |
| 20:36 | Create | Archer |
| 20:38 | Create | Villager (Male) |
| 20:47 | Build | Palisade Wall |
| 21:00 | Create | Archer |
| 21:00 | Create | Villager (Male) |
| 21:13 | Create | Villager (Male) |
| 21:32 | Create | Archer |
| 21:35 | Build | House |
| 21:37 | Age | Castle Age |
| 21:38 | Build | Palisade Wall |
| 21:40 | Create | Archer |
| 21:41 | Create | Villager (Male) |
| 21:44 | Build | Palisade Wall |
| 21:51 | Research | Wheelbarrow |
| 21:54 | Research | Crossbowman (upgrade) |
| 21:55 | Create | Villager (Male) |
| 21:57 | Build | House |
| 21:59 | Build | House |
| 22:08 | Research | Bow Saw |
| 22:11 | Build | House |
| 22:20 | Create | Villager (Male) |
| 22:32 | Create | Archer |
| 22:33 | Create | Villager (Male) |
| 22:42 | Research | Bodkin Arrow |
| 22:45 | Create | Archer |
Match timeline
| 3:37 | Macluffy · wall_segment Palisade Wall x1 |
| 4:12 | Macluffy · first_building Barracks |
| 5:07 | TAG_MbL_ · first_building Barracks |
| 5:33 | Macluffy · wall_segment Palisade Wall x6 |
| 7:01 | Macluffy · wall_segment Palisade Wall x6 |
| 7:38 | Macluffy · wall_segment Palisade Wall x5 |
| 8:19 | Macluffy · wall_segment Palisade Wall x1 |
| 8:52 | TAG_MbL_ · age_up feudal |
| 9:04 | Macluffy · wall_segment Palisade Wall x1 |
| 9:07 | Macluffy · wall_segment Palisade Wall x9 |
| 9:17 | Macluffy · wall_segment Palisade Wall x5 |
| 9:18 | Macluffy · wall_segment Palisade Wall x6 |
| 9:25 | TAG_MbL_ · first_building Archery Range |
| 10:46 | TAG_MbL_ · wall_segment Palisade Wall x7 |
| 10:48 | TAG_MbL_ · wall_segment Palisade Wall x1 |
| 10:48 | TAG_MbL_ · wall_segment Palisade Wall x1 |
| 10:49 | Macluffy · age_up feudal |
| 10:55 | Macluffy · first_building Archery Range |
| 11:14 | TAG_MbL_ · wall_segment Palisade Wall x1 |
| 11:18 | TAG_MbL_ · wall_segment Palisade Wall x4 |
| 11:19 | TAG_MbL_ · wall_segment Palisade Wall x5 |
| 15:26 | TAG_MbL_ · first_market_buy 100 stone |
| 17:30 | TAG_MbL_ · first_market_sell 100 wood |
| 18:32 | Macluffy · first_market_sell 100 wood |
| 18:33 | Macluffy · first_market_buy 100 food |
| 19:32 | TAG_MbL_ · wall_segment Stone Wall x1 |
| 19:38 | TAG_MbL_ · wall_segment Stone Wall x1 |
| 19:41 | TAG_MbL_ · wall_segment Stone Wall x1 |
| 20:23 | TAG_MbL_ · age_up castle |
| 20:47 | Macluffy · wall_segment Palisade Wall x1 |
| 21:02 | TAG_MbL_ · first_building Monastery |
| 21:37 | Macluffy · age_up castle |
| 21:38 | Macluffy · wall_segment Palisade Wall x1 |
| 21:44 | Macluffy · wall_segment Palisade Wall x1 |
| 22:16 | TAG_MbL_ · first_building Siege Workshop |
| 22:26 | TAG_MbL_ · wall_segment Palisade Wall x1 |
| 24:34 | Macluffy · first_building Siege Workshop |
| 29:16 | Macluffy · first_building Monastery |
| 31:56 | Macluffy · first_building Castle |
| 33:21 | Macluffy · age_up imperial |
| 33:41 | TAG_MbL_ · first_building Castle |
| 36:41 | TAG_MbL_ · age_up imperial |
| 37:13 | TAG_MbL_ · wall_segment Palisade Wall x1 |
| 45:35 | Macluffy · resign |
[ AI ANALYSIS · 1 CREDIT ]
What really happened in this match?
Wolo.gg analyzes every decision: build order, eco, micro, common mistakes by bracket. Personalized analysis on WhatsApp or Discord in 30 seconds.
Civ guide
Aztecs
Perfil
MbL